 Dungeon Crawl Stone Soup version 0.31-a0-246-g8cbcc1cb85 (webtiles) character file.

Game seed: 3487563820402035388

95 qw the Shooter (level 4, -1/36 HPs)
             Began as a Minotaur Hexslinger on July 12, 2023.
             Killed from afar by Natasha (4 damage)
             ... with a magic dart
             ... on level 3 of the Dungeon.
             The game lasted 00:00:41 (1719 turns).

qw the Shooter (Minotaur Hexslinger)                Turns: 1719, Time: 00:00:41

Health: -1/36      AC:  4    Str: 13    XL:     4   Next: 39%
Magic:  4/4        EV: 12    Int: 10    God:
Gold:   125        SH:  0    Dex: 14    Spells: 4/5 levels left

rFire   . . .        Y - +1 sling
rCold   . . .        (no shield)
rNeg    . . .        g - +0 troll leather armour
rPois   .            (helmet restricted)
rElec   .            (no cloak)
rCorr   .            (no gloves)
SInv    .            (no boots)
Will    .....        d - amulet of faith
Stlth   +            (no ring)
HPRegen 1.06/turn    (no ring)
MPRegen 0.09/turn

%: faith
@: no status effects
A: horns 2, retaliatory headbutt
a: no special abilities


You were on level 3 of the Dungeon.
You visited 1 branch of the dungeon, and saw 3 of its levels.

You collected 125 gold pieces.


Innate Abilities, Weirdness & Mutations

You have a pair of horns on your head.
You reflexively headbutt those who attack you in melee.


   Skills:
 - Level 2.0 Fighting
 + Level 4.9 Ranged Weapons
 - Level 2.1 Dodging
 - Level 1.0 Spellcasting
 - Level 2.0 Hexes


You had 4 spell levels left.
You knew the following spells:

 Your Spells              Type           Power      Damage    Failure   Level
a - Slow                  Hex            16%        N/A       19%         1

Your spell library contained the following spells:

 Spells                   Type           Power      Damage    Failure   Level
 Inner Flame              Hex/Fire       2%         N/A       65%         3
 Portal Projectile        Hex/Tloc       4%         N/A       65%         3
 Cause Fear               Hex            2%         N/A       88%         4

Inventory:

Hand Weapons
 Y - a +1 sling (weapon)
Armour
 g - a +0 troll leather armour (worn)
Jewellery
 d - an amulet of faith (around neck)
Potions
 a - a potion of curing {unknown}
 b - a potion of degeneration {unknown}
 c - 2 potions of haste {unknown}
 e - a potion of resistance {unknown}
 f - a potion of enlightenment
 h - a potion of attraction {unknown}

Dungeon Overview and Level Annotations

Branches:
Dungeon (3/15)

Altars:

Shops:
D:2 [

Annotations:
D:3 Natasha


Message History

The sling bullet closely misses Natasha.
The cerulean imp hits you from afar with a +2 spear.
You shoot a sling bullet. The sling bullet barely misses Natasha.
Natasha claws you.
The cerulean imp hits you from afar with a +2 spear.
You shoot a sling bullet.
The sling bullet hits Natasha but does no damage.
Natasha misses you. You furiously retaliate!
You headbutt Natasha. The cerulean imp closely misses you. Natasha claws you.
You shoot a sling bullet. The sling bullet barely misses Natasha.
The cerulean imp hits you from afar with a +2 spear.
Natasha claws you.
You shoot a sling bullet. The sling bullet misses Natasha.
The cerulean imp hits you from afar with a +2 spear.
Natasha casts a spell at you. The magic dart hits you.
The cerulean imp hits you from afar with a +2 spear.
You shoot a sling bullet.
The sling bullet closely misses Natasha.
Natasha stares at you and mumbles some strange words.
The magic dart hits you.
The cerulean imp hits you from afar with a +2 spear.
You shoot a sling bullet.
The sling bullet hits Natasha but does no damage.
Natasha is lightly wounded.
Natasha mumbles some strange words.
The cerulean imp hits you from afar with a +2 spear.
Natasha closely misses you. You furiously retaliate!
You headbutt Natasha. You shoot a sling bullet.
The sling bullet closely misses Natasha.
The cerulean imp closely misses you.
Natasha mumbles some strange words.
You feel troubled.
Natasha casts a spell.
You shoot a sling bullet. The sling bullet hits Natasha.
Natasha is heavily wounded.
The cerulean imp hits you but does no damage. x2
Natasha casts a spell at you. The magic dart hits you.
You die...

#\#...#.#.# #.####
##..}.#.#.# ##.#...
.#8.}..#.#<#
#.....##.##...#..###
#........#.###...#
#.5.... ....##.#.#
#[.5.5..###.##.#.#
#...h#.........#..
#@######.#######
#............#
##############


You could see Natasha and 3 cerulean imps.

Vanquished Creatures
  4 adders (D:2)
  A worm (D:2)
  2 dart slugs
  3 endoplasms
  2 giant cockroaches
  7 goblins
  4 hobgoblins
  2 jackals (D:1)
  6 kobolds
  2 quokkas
  5 ball pythons
  6 bats
  4 frilled lizards
  3 rats
51 creatures vanquished.

Notes
Turn   | Place    | Note
-------+----------+-------------------------------------------
     0 | D:1      | qw the Minotaur Hexslinger began the quest for the Orb.
     0 | D:1      | Reached XP level 1. HP: 16/16 MP: 1/1
     0 | D:1      | 0 ||| qw: Version: 0.3-a-52-g30416fa
     0 | D:1      | 0 ||| qw: Game counter: 6379
     0 | D:1      | 0 ||| qw: Melee chars always use a shield: true
     0 | D:1      | 0 ||| qw: God list: Okawaru
     0 | D:1      | 0 ||| qw: Allow faded altars: false
     0 | D:1      | 0 ||| qw: Do Orc after clearing Dungeon:15 true
     0 | D:1      | 0 ||| qw: Do second Lair branch before Depths: true
     0 | D:1      | 0 ||| qw: Lair rune preference: random
     0 | D:1      | 0 ||| qw: Goals: Normal
     0 | D:1      | 0 ||| PLANNING D:1-11
     6 | D:1      | Noticed a swamp worm
     6 | D:1      | Noticed a six-headed hydra
     7 | D:1      | Noticed a polar bear
    12 | D:1      | 12 ||| DROPPING scroll of poison.
    68 | D:1      | Reached skill level 3 in Ranged Weapons
    72 | D:1      | Reached XP level 2. HP: 21/23 MP: 2/2
   659 | D:1      | Reached XP level 3. HP: 29/29 MP: 3/3
   755 | D:1      | 755 ||| UPGRADING to +0 leather armour.
   765 | D:1      | 765 ||| DROPPING +0 robe.
   766 | D:1      | 766 ||| UPGRADING to +0 troll leather armour.
   776 | D:1      | 776 ||| DROPPING +0 leather armour.
   777 | D:1      | 777 ||| READING scroll labelled ZITUFOELEI.
   780 | D:1      | 780 ||| READING scroll labelled EBRIFE CIRREN.
   781 | D:1      | 781 ||| DRINKING 2 cyan potions.
   982 | D:2      | Reached skill level 4 in Ranged Weapons
  1097 | D:2      | Found Xyassuzu's Antique Armour Shoppe.
  1107 | D:2      | Reached XP level 4. HP: 36/36 MP: 4/4
  1113 | D:2      | 1113 ||| SHOPLISTING pair of glowing gloves (180 gold, have
                  | 72).
  1536 | D:2      | 1536 ||| UPGRADING to amulet of faith.
  1541 | D:2      | 1541 ||| READING scroll labelled EZUAM JUOWK.
  1684 | D:3      | Found a faded altar of an unknown god.
  1706 | D:3      | Noticed Natasha
  1716 | D:3      | HP: 9/36 [Natasha/magic dart (4)]
  1717 | D:3      | HP: 1/36 [cerulean imp/+2 spear[Natasha] (6)]
  1719 | D:3      | Killed from afar by Natasha

Levels and vault maps discovered:
D:1:      onia_arrival_zoo_common, layout_loops_ring, minmay_bisected
D:2:      minmay_alternating_diamond, layout_basic, serial_shops, shop
D:3:      layout_basic, led_sif_pool, nicolae_tso_carved_into_rock,
          mainiacjoe_overflow_alcove_4, shapermc_ecumenical_altar_venn,
          uniq_natasha, uniq_robin

Skill      XL: |  1  2  3 |
---------------+----------+-----
Ranged Weapons | 3 4 |  4.9
Fighting       | 2 |  2.0
Dodging        | |  2.1
Spellcasting   | |  1.0
Hexes          | |  2.0

Action                     |  1- 3 |  4- 6 || total
---------------------------+-------+-------++-------
   Fire: Sling             |   130 |    42 ||   172
    Use: Scroll            |     2 |     1 ||     3
         Potion            |     1 |       ||     1
 Armour: Robe              |     9 |       ||     9
         Troll leather arm |     5 |     5 ||    10
  Dodge: Dodged            |    42 |    16 ||    58

Table legend:
 A = Non-vault XP
 B = Vault XP
 C = Vault XP percentage of total XP
 D = Non-vault monster count
 E = Vault monster count
 F = Vault count percentage of total count
                 A         B        C        D         E       F
            +---------+---------+-------+---------+---------+-------
      Total |     104 |      32 |  23.5 |      41 |      10 |  19.6
            +---------+---------+-------+---------+---------+-------
        D:1 |      34 |       8 |  19.0 |      20 |       5 |  20.0
        D:2 |      66 |      24 |  26.7 |      19 |       5 |  20.8
        D:3 |       4 |       0 |   0.0 |       2 |       0 |   0.0
            +---------+---------+-------+---------+---------+-------
